Map: Mech Depot LE

Players

Tanavast - Winner!

  • Race: Protoss Protoss
  • League: Bronze
  • Spawn Location: 1:00

A.I. 1 (Medium)

  • Race: Terran Terran
  • Spawn Location: 7:00

VOD

Have the link to the VOD?

Description

Time

  • Played on: July 21, 2017, 11:55 a.m.
  • Length: 8:38
Show
View Real Time Build Order
Export as new Build Order

Tanavast Protoss - Winner!

Build Orders:  

Get SALT Encoding   

  12  0:02  Probe (Chrono Boost)  
  13  0:12  Probe (Chrono Boost)  
  14  0:19  Pylon  
  14  0:23  Probe (Chrono Boost)  
  15  0:38  Gateway  
  15  0:44  Probe (Chrono Boost)  
  15  0:49  Assimilator  
  16  0:55  Probe (Chrono Boost)  
  17  1:05  Probe (Chrono Boost)  
  17  1:09  Gateway  
  18  1:16  Probe (Chrono Boost)  
  19  1:26  Cybernetics Core, Probe (Chrono Boost)  
  20  1:40  Pylon  
  20  1:46  Probe (Chrono Boost)  
  21  1:54  Forge  
  21  1:57  Probe (Chrono Boost)  
  21  2:00  Pylon  
  22  2:07  Warp Gate (Chrono Boost)  
  22  2:25  Nexus  
  22  2:28  Probe (Chrono Boost)  
  23  2:38  Mothership Core  
  24  3:01  Probe  
  25  3:07  Twilight Council  
  25  3:13  Probe  
  26  3:23  Gateway  
  26  3:25  Gateway, Probe  
  27  3:37  Probe x2  
  29  3:47  Probe  
  29  3:50  Robotics Facility  
  30  3:58  Probe  
  30  3:59  Probe  
  32  4:04  Assimilator  
  32  4:07  Robotics Facility  
  32  4:11  Probe  
  33  4:23  Probe  
  34  4:25  Zealot  
  34  4:26  Zealot x3  
  42  4:36  Probe  
  42  4:37  Probe  
  44  4:46  Protoss Ground Weapons Level 1 (Chrono Boost)  
  44  4:47  Probe  
  44  4:51  Zealot  
  44  4:52  Zealot x3  
  53  4:58  Probe  
  54  5:04  Pylon x2  
  54  5:07  Pylon  
  44  5:30  Zealot x2  
  44  5:31  Zealot x2  
  44  5:56  Zealot x3  
  44  5:57  Zealot  
  44  6:04  Pylon  
  44  6:06  Pylon  
  42  6:13  Gateway  
  42  6:14  Gateway x2  
  40  6:19  Zealot x4  
  44  6:38  Immortal x2  
  52  6:45  Zealot  
  52  6:46  Zealot x3  
  58  7:08  Zealot x3  
  60  7:27  Zealot  
  60  7:30  Zealot x3  
  62  7:52  Immortal x2  
  62  7:57  Stalker x3  
  74  8:28  Stalker x3  
  74  8:29  Stalker  
Show
View Real Time Build Order
Export as new Build Order

A.I. 1 (Medium) Terran 

Build Orders:  

Get SALT Encoding   

  12  0:00  SCV  
  13  0:13  SCV  
  14  0:19  Supply Depot  
  14  0:25  SCV  
  15  0:40  SCV  
  16  0:45  Barracks  
  16  0:49  Refinery  
  16  0:52  SCV  
  17  1:04  SCV  
  18  1:18  Supply Depot  
  18  1:32  Marine  
  19  1:34  Orbital Command, Barracks  
  19  1:44  Refinery  
  19  1:50  Barracks Tech Lab  
  19  2:08  Marine  
  20  2:11  Supply Depot  
  20  2:26  Marine  
  20  2:28  Marine  
  22  2:31  SCV  
  23  2:43  SCV  
  26  2:44  Marauder  
  26  2:46  Marine  
  26  2:48  Supply Depot  
  27  2:54  Engineering Bay  
  27  2:55  SCV  
  28  3:04  Marine  
  29  3:07  SCV  
  29  3:08  Marauder  
  33  3:20  SCV  
  33  3:22  Marine  
  34  3:28  Marine  
  34  3:32  SCV  
  36  5:14  Barracks Tech Lab  
  36  5:15  SCV, Marauder  
  36  5:19  Factory  
  39  5:22  Factory  
  39  5:23  Missile Turret  
  39  5:24  Missile Turret  
  39  5:26  Ghost Academy  
  39  5:27  SCV, Supply Depot  
  40  5:29  Sensor Tower  
  40  5:33  Command Center, Barracks  
  38  5:36  Marine  
  38  5:39  Marine  
  40  5:45  Bunker  
  39  5:55  Marauder  
  38  5:57  Marine  
  37  6:07  Starport  
  37  6:08  Factory Tech Lab x2  
  37  6:10  Armory  
  37  6:15  Marine  
  29  6:18  Marine  
  29  6:21  Barracks Reactor  
  29  6:28  SCV  
  29  6:33  Marine  
  29  6:37  Marauder  
  31  6:40  SCV  
  31  6:46  Starport Tech Lab  
  32  6:51  Marauder  
  34  6:57  Ghost  
  35  7:03  Marine  
  35  7:06  Raven  
  36  7:11  Marine  
  35  7:19  SCV  
  35  7:20  Marine  
  34  7:29  Marine  
  26  7:38  Marauder  
  26  7:42  SCV  
  27  7:45  Hellion  
  23  7:52  Marauder  
  23  7:54  SCV  
  15  8:00  Marine  
  12  8:07  SCV  
  12  8:10  Hellion  
  11  8:18  Marine  
  11  8:19  SCV  
Tags
 
League
Bronze
Matchup
PvT
Spawn Locations
Cross Positions
Add a new tag
Caveats
  • Supply blocks, unpowered buildings, or Contaminate may cause inaccurate times.
  • Supply counts are checked every 10 seconds.